 Dungeon Crawl Stone Soup version 0.30-a0-772-g5528072125 (webtiles) character file.

Game seed: 9394049320156348816

43 dolemite99 the Magician (level 3, -4/37 HPs)
             Began as a Djinni Ice Elementalist on Feb 13, 2023.
             Slain by an orc
             ... wielding a +0 trident
              (7 damage)
             ... on level 3 of the Dungeon.
             The game lasted 00:02:50 (1426 turns).

dolemite99 the Magician (Djinni Ice Elementalist)   Turns: 1426, Time: 00:02:51

Health: -4/37      AC:  2    Str:  7    XL:     3   Next: 82%
Gold:   132        EV: 12    Int: 18    God:
                   SH:  0    Dex: 13

rFire   + + .      SeeInvis .    f - +1 quarterstaff
rCold   x . .      Faith    .    (shield currently unavailable)
rNeg    . . .      Spirit   .    a - +0 robe
rPois   ∞          Reflect  .    (no helmet)
rElec   .          Harm     .    (no cloak)
rCorr   .          Rampage  .    (no gloves)
Will    .....                    (boots unavailable) Stlth
                                 (no amulet)
HPRegen 0.26/turn                (no ring)
MPRegen 0.00/turn                (no ring)

@: berserking, flying, very slightly contaminated, very quick
A: sickness immunity, fire resistance 2, cold vulnerability 1, float, innate
caster, HP casting, extra vitality 1
a: no special abilities


You were on level 3 of the Dungeon.
You visited 1 branch of the dungeon, and saw 3 of its levels.

You collected 132 gold pieces.

Inventory:

Hand Weapons
 f - a +1 quarterstaff (weapon)
Missiles
 h - 4 boomerangs
Armour
 a - a +0 robe (worn)
Jewellery
 e - a ring of magical power
Scrolls
 b - a scroll of poison
Potions
 c - a potion of heal wounds {unknown}


   Skills:
 - Level 2.1 Dodging
 - Level 1.5 Stealth
 + Level 4.1 Spellcasting


You couldn't memorise any spells.
You knew the following spells:

 Your Spells              Type           Power      Damage    Failure   Level
a - Freeze                Ice            72%        1d8       2%          1
b - Frozen Ramparts       Ice            36%        1d6       8%          3
c - Ozocubu's Armour      Ice            18%        N/A       8%          3
d - Summon Ice Beast      Ice/Summ       18%        N/A       26%         4
e - Beastly Appendage     Tmut           36%        N/A       2%          1
Your spell library was empty.

Dungeon Overview and Level Annotations

Branches:
Dungeon (3/15)

Altars:

Shops:
D:1 *


Innate Abilities, Weirdness & Mutations

You are immune to sickness and miasma.
You are immune to poison.
Your flesh is very heat resistant. (rF++)
You are vulnerable to cold. (rC-)
You float through the air rather than walking.
You learn spells naturally, not from books.
Your magical power is your life essence.
You have superior vitality. (+4 MHP)


Message History

You are very lightly contaminated with residual magic.
Nothing appears to happen.
The bat barely misses you. The orc barely misses you.
Casting: Freeze (safe; 2% risk of failure)
Confirm with . or Enter, or press ? or * to list all spells.
Aiming: Freeze (safe; 2% risk of failure)
Press: ? - help, Shift-Dir - straight line, f/p - bat
Aim: a bat You freeze the bat.
The bat is heavily wounded.
The bat closely misses you.
The orc hits you from afar with a +0 trident!
You miss the bat.
The bat is moderately wounded.
The bat closely misses you. The orc closely misses you.
The bat hits you but does no damage. The orc hits you with a +0 trident.
You see here an adder corpse.
Casting: Freeze (safe; 2% risk of failure)
Confirm with . or Enter, or press ? or * to list all spells.
Aiming: Freeze (safe; 2% risk of failure)
Press: ? - help, Shift-Dir - straight line, f/p - bat
Aim: a bat (moderately wounded)
You freeze the bat!
You kill the bat!
The orc hits you with a +0 trident.
* * * LOW HITPOINT WARNING * * *
Casting: Freeze (safe; 2% risk of failure)
Confirm with . or Enter, or press ? or * to list all spells.
Aiming: Freeze (safe; 2% risk of failure)
Press: ? - help, Shift-Dir - straight line, f - orc
Aim: an orc, wielding a +0 trident and wearing a +0 scale mail
Okay, then.
A red film seems to cover your vision as you go berserk!
You feel yourself moving faster!
You feel mighty! The orc hits you with a +0 trident.
* * * LOW HITPOINT WARNING * * *
You sock the orc!
The orc is almost dead.
The orc hits you with a +0 trident!
You die...

...............)......
.............).######
...............##
................#
...)............#####
....................#
....................#
..............<....#
.......@...........#
......o...........>#
........#..........#
....#####..#########
.... ##>.. ..# ###.# .
... ##


You could see an orc.

Vanquished Creatures
  An adder (D:3)
  3 endoplasms
  A giant cockroach (D:1)
  5 goblins
  4 hobgoblins (D:1)
  4 ball pythons (D:1)
  5 bats
  5 frilled lizards
  2 kobolds
  3 rats
33 creatures vanquished.

Notes
Turn   | Place    | Note
-------+----------+-------------------------------------------
     0 | D:1      | dolemite99 the Djinni Ice Elementalist began the quest for
                  | the Orb.
     0 | D:1      | dolemite99 set off with the following spells memorised:
                  | Freeze, Frozen Ramparts, Ozocubu's Armour, Summon Ice
                  | Beast.
     0 | D:1      | Reached XP level 1. HP: 15/15 MP: 0/0
   140 | D:1      | Found Fylaj's Assorted Antiques.
   181 | D:1      | Reached XP level 2. HP: 16/21 MP: 0/0
   524 | D:1      | Reached XP level 3. HP: 20/25 MP: 0/0
   524 | D:1      | Learned a level 1 spell: Beastly Appendage
  1078 | D:2      | Reached skill level 4 in Spellcasting
  1426 | D:3      | Slain by an orc

Illustrated notes

Levels and vault maps discovered:
D:1:      psy_arrival_radial02, layout_basic, serial_shops,
          nicolae_shop_statue_plus
D:2:      layout_loops_ring
D:3:      layout_rooms, minmay_misc_feat_roman, minmay_misc_feat_five

Skill      XL: |  1  2  3 |
---------------+----------+-----
Spellcasting   | 4 |  4.1
Dodging        | |  2.1
Stealth        | |  1.5

Action                     || total
---------------------------++-------
  Melee: Unarmed           ||     1
         Quarterstaff      ||     4
   Cast: Freeze            ||    51
    Use: Scroll            ||     4
         Potion            ||     1
 Armour: Robe              ||     7
  Dodge: Dodged            ||    38

Table legend: (Time is in decaauts)
 A = Elapsed time spent in this place.
 B = Non-inter-level travel time spent in this place.
 C = Inter-level travel time spent in this place.
 D = Time resting spent in this place.
 E = Time spent auto-exploring this place.
 F = Levels seen in this place.
 G = Mean time per level.
                   A        B        C        D        E       F      G
               +--------+--------+--------+--------+--------+-----+--------+
         Total |   1425 |   1358 |     67 |     27 |   1055 |   3 |  475.0 |
       Dungeon |   1425 |   1358 |     67 |     27 |   1055 |   3 |  475.0 |
               +--------+--------+--------+--------+--------+-----+--------+

Top non-repeatable levels by time:
     D:1: 733 daAuts
     D:2: 629 daAuts
     D:3: 63 daAuts
